 Dungeon Crawl Stone Soup version 0.17.1-3-g152610e (webtiles) character file.

98 inmateoo the Skirmisher (level 4, -3/52 HPs)
             Began as an Ogre Fire Elementalist on Apr 24, 2016.
             Slain by a worker ant (7 damage)
             ... on level 5 of the Dungeon.
             The game lasted 00:04:37 (1809 turns).

inmateoo the Skirmisher (Ogre Fire Elementalist)    Turns: 1809, Time: 00:04:37

Health: -3/52      AC:  7    Str: 14    XL:     4   Next: 71%
Magic:  2/7        EV: 10    Int: 14    God:
Gold:   122        SH:  0    Dex: 10    Spells: 1 memorised, 6 levels left

rFire  . . .     SeeInvis .     g - +0 flail
rCold  . . .     Clarity  .     a - +1 robe
rNeg   . . .     SustAt   .     (no shield)
rPois  .         Gourm    .     (helmet restricted)
rElec  .         Spirit   .     n - +2 cloak
rCorr  +         Warding  .     (gloves unavailable)
rMut   .         Rnd*Tele +     (boots unavailable)
MR     .....                    h - amulet of resist corrosion
Stlth  +.........               (no ring)
                                (no ring)

@: not resistant to hostile enchantments, very unstealthy
A: unfitting armour, robust 1, teleportitis 1, tough skin 1
a: no special abilities


You were on level 5 of the Dungeon.
You were hungry.

You visited 1 branch of the dungeon, and saw 5 of its levels.

You collected 122 gold pieces.

Inventory:

Hand Weapons
 g - a +0 flail (weapon)
Armour
 a - a +1 robe (worn)
 n - a +2 cloak (worn)
Jewellery
 h - an amulet of resist corrosion (around neck)
Wands
 o - a wand of frost (0)
Scrolls
 d - a scroll of noise
 f - a scroll of amnesia
 l - a scroll of teleportation
Potions
 e - a potion of haste {unknown}
 i - a potion of curing
 j - a potion of invisibility {unknown}
 k - a potion of might {unknown}
 p - a potion of resistance {unknown}
 q - a potion of berserk rage {unknown}
Books
 b - a book of Flames

   Spells                             Type                      Level
   a - Flame Tongue                   Conjuration/Fire             1
   b - Throw Flame                    Conjuration/Fire             2
   c - Conjure Flame                  Conjuration/Fire             3
   d - Inner Flame                    Hexes/Fire                   3
   e - Sticky Flame                   Conjuration/Fire             4
   f - Fireball                       Conjuration/Fire             5
Comestibles
 c - 3 bread rations
 r - a slice of pizza


   Skills:
 + Level 3.9 Fighting
 * Level 3.0 Maces & Flails
 + Level 2.2 Dodging
 - Level 1.5 Stealth
 - Level 2.4 Spellcasting
 - Level 0.6 Conjurations
 - Level 2.1 Fire Magic


You had 6 spell levels left.
You knew the following spells:

 Your Spells              Type           Power        Failure   Level  Hunger
a - Flame Tongue          Conj/Fire      #....        14%         1    #......


Dungeon Overview and Level Annotations

Branches:
Dungeon (5/15)
 Temple: D:4-7

Altars:
Makhleb

Annotations:
D:2 Sigmund
D:4 Grinder


Innate Abilities, Weirdness & Mutations

You are too large for most types of armour.
You have tough skin (AC +1).
You are robust (+10% HP).
You are occasionally teleported next to monsters.


Message History

You climb downwards.
There is a stone staircase leading up here.
Casting: Flame Tongue
Confirm with . or Enter, or press ? or * to list all spells.
Aiming: Flame Tongue
Press: ? - help, Shift-Dir - straight line, f - worker ant
Aim: a worker ant The flame tongue hits the worker ant.
The worker ant appears unharmed.
The worker ant bites you.
* * * LOW HITPOINT WARNING * * *
The worker ant bites you.
* * * LOW HITPOINT WARNING * * *
Casting: Flame Tongue
Confirm with . or Enter, or press ? or * to list all spells.
Aiming: Flame Tongue
Press: ? - help, Shift-Dir - straight line, f/p - worker ant
Aim: a worker ant The flame tongue hits the worker ant.
The worker ant appears unharmed.
The worker ant bites you!
You die...

.# .#
#.# ..
##.# #
#..
#..##.#
#...@#
###.a#
####


You could see a worker ant.

Vanquished Creatures
  A worker ant (D:4)
  A hound skeleton (D:4)
  3 adders
  3 orcs (D:3)
  5 bats
  A hobgoblin (D:3)
  4 jackals (D:3)
  2 kobolds
  2 ball pythons (D:1)
  2 giant newts
  3 goblins
  5 rats
32 creatures vanquished.

Notes
Turn   | Place    | Note
--------------------------------------------------------------
     0 | D:1      | inmateoo the Ogre Fire Elementalist began the quest for the Orb.
     0 | D:1      | Reached XP level 1. HP: 16/16 MP: 3/3
   101 | D:1      | Reached skill level 1 in Fighting
   267 | D:1      | Reached XP level 2. HP: 28/28 MP: 0/5
   718 | D:2      | Found a burning altar of Makhleb.
   817 | D:2      | Reached skill level 3 in Fighting
   872 | D:2      | Found a faded altar to an unknown god.
   884 | D:2      | Gained mutation: You are robust (+10% HP). [potion of mutation]
   884 | D:2      | Gained mutation: You are occasionally teleported next to monsters. [potion of mutation]
   976 | D:2      | Noticed Sigmund
  1017 | D:3      | Reached XP level 3. HP: 32/40 MP: 3/6
  1021 | D:3      | Reached skill level 1 in Maces & Flails
  1499 | D:3      | You fall through a shaft!
  1517 | D:4      | Reached XP level 4. HP: 32/52 MP: 0/7
  1754 | D:4      | Noticed a scorpion
  1802 | D:4      | Noticed an ogre
  1803 | D:4      | Noticed Grinder
  1807 | D:5      | Entered Level 5 of the Dungeon
  1809 | D:5      | Slain by a worker ant

Action                   |  1- 3 |  4- 6 || total
-------------------------+-------+-------++-------
Melee: Unarmed           |     5 |       ||     5
       Flail             |    30 |    10 ||    40
 Cast: Flame Tongue      |    38 |    15 ||    53
Evoke: Wand              |     9 |       ||     9
  Use: Scroll            |    10 |     1 ||    11
       Potion            |     1 |     1 ||     2
 Stab: Sleeping          |     1 |       ||     1
  Eat: Chunk             |     2 |     1 ||     3
